 Dungeon Crawl Stone Soup version 0.28-a0-819-g6ef7baa362 (webtiles) character file.

Game seed: 331389516444996175

55 spiderkeys the Ducker (level 3, -2/22 HPs)
             Began as a Deep Elf Abyssal Knight on Nov 9, 2021.
             Was a Follower of Lugonu.
             Slain by an orc (4 damage)
             ... on level 3 of the Dungeon.
             The game lasted 00:03:24 (1949 turns).

spiderkeys the Ducker (Deep Elf Abyssal Knight)     Turns: 1949, Time: 00:03:25

Health: -2/22      AC:  3    Str:  7 (10) XL:     3   Next: 67%
Magic:  7/7        EV: 11    Int: 13 (15) God:    Lugonu [*.....]
Gold:   76         SH:  4    Dex: 14 (15) Spells: 2/2 levels left

rFire   . . .      SeeInvis .   a - +2 dagger (venom)
rCold   . . .      Faith    .   i - +0 buckler
rNeg    . . .      Spirit   .   g - +0 leather armour
rPois   .          Reflect  .   (no helmet)
rElec   .          Harm     .   n - scarf {shadows}
rCorr   .          Rampage  .   (no gloves)
Will    .....                   (no boots)
Stlth   +.........              (no amulet)
HPRegen 0.07/turn               (no ring)
MPRegen 0.10/turn               (no ring)

@: mighty, brilliant
A: no striking features
a: Renounce Religion, Depart the Abyss


You were on level 3 of the Dungeon.
You worshipped Lugonu.
Lugonu was aware of your devotion.
You visited 1 branch of the dungeon, and saw 3 of its levels.
You visited the Abyss 1 time.

You collected 76 gold pieces.


   Skills:
 + Level 2.7 Fighting
 + Level 2.4 Short Blades
 - Level 0.8 Armour
 + Level 3.0 Dodging
 - Level 0.2 Stealth
 + Level 0.9 Shields
 + Level 2.6 Invocations


You had 2 spell levels left.
You didn't know any spells.
Your spell library contained the following spells:

 Spells                   Type           Power      Damage    Failure   Level
 Call Canine Familiar     Summ           0%         N/A       90%         3
 Portal Projectile        Hex/Tloc       0%         N/A       90%         3
 Leda's Liquefaction      Hex/Erth       0%         N/A       100%        4

Inventory:

Hand Weapons
 a - a +2 dagger of venom (weapon)
   (You found it on level 1 of the Dungeon)
 b - a +1 vorpal hunting sling
   (You found it on level 1 of the Dungeon)
Missiles
 d - 61 stones
 f - 6 bolts
 k - 14 poisoned darts
 l - 25 arrows
Armour
 g - a +0 leather armour (worn)
 i - a +0 buckler (worn)
   (You found it on level 1 of the Dungeon)
 n - a scarf of shadows (worn)
   (You found it on level 2 of the Dungeon)
Magical Staves
 j - a staff of death {!a}
   (You found it on level 1 of the Dungeon)
Scrolls
 c - a scroll of acquirement
 e - a scroll of immolation {unknown}
 o - a scroll of teleportation {unknown}

Dungeon Overview and Level Annotations

Branches:
Dungeon (3/15)

Altars:

.#.)........######## #.#
...................# #.#
.#..#..###########.# #.#
.#..#..# #.# #.#
.......# ######.## #.#
##...... ........###.#
#.#..#####.####.###.##†#
.......# #....#
#.#.##@###.##.# #.
#.#.##oS......# ...
...##.#.####K# #.#
#.##K#....#.#
...#(...#.##.#S#
#.#(##.#.##.#.#
#(..##.#.##.#.#
.)...#.##........#
...#.#......##.###


You could see an orc (poisoned), a ball python and a kobold.


Message History

Lugonu accepts your kill.
No target in view!
No target in view!
No target in view!
d - 64 stones (gained 7)
Things that are here:
a frilled lizard corpse; a hobgoblin corpse 😎 HP[+1]
Your hp is fully restored (22).
d - 65 stones (gained 1)
Things that are here:
a frilled lizard corpse; a hobgoblin corpse A hobgoblin comes into view.
A hobgoblin is nearby!
A hobgoblin is nearby!
You shoot a stone. The stone hits the hobgoblin.
The hobgoblin shouts!
You shoot a stone. The stone hits the hobgoblin.
You kill the hobgoblin!
Lugonu accepts your kill.
No target in view!
No target in view!
d - 64 stones (gained 1)
d - 65 stones (gained 1)
An endoplasm comes into view.
An endoplasm is nearby!
An endoplasm is nearby!
You shoot a stone. The stone hits the endoplasm.
You kill the endoplasm!
Lugonu accepts your kill.
No target in view!
No target in view!
No target in view!
A kobold comes into view. It is wielding a +0 short sword.
The kobold moves out of view. 😎 MP[+1]
Your mp is fully restored (7).
An orc comes into view. It is wielding a +0 short sword.
The orc shouts!
You shoot a stone. The kobold shouts!
The stone hits the orc.
You hear an angry hiss.
The orc hits you with a +0 short sword. 😮 HP[-6]
You take 6 damage, and now have 16/22 hp.
MASSIVE DAMAGE!! (PAUSE)
The orc barely misses you.
Fire: 63 stones
Press: ? - help, Q - select action, (/) - cycle Shift-Dir - straight line, f/p - orc
Aim: an orc, wielding a +0 short sword and wearing a +0 chain mail (moderately wounded, 68% to hit)
You shoot a stone.
The stone hits the orc but does no damage.
A ball python comes into view.
The orc hits you with a +0 short sword. 😮 HP[-1]
You take 1 damage, and now have 15/22 hp.
Fire: 62 stones
Press: ? - help, Q - select action, (/) - cycle Shift-Dir - straight line, f/p - orc
Aim: an orc, wielding a +0 short sword and wearing a +0 chain mail (moderately wounded, 68% to hit)
You shoot a stone. The stone barely misses the orc.
The orc hits you with a +0 short sword.
* * * LOW HITPOINT WARNING * * *
😨 HP[-5]
You take 5 damage, and now have 10/22 hp.
MASSIVE DAMAGE!! (PAUSE) 😨 HP[+1]
You aren't carrying any items that you can evoke.
It was a potion of brilliance.
You feel clever all of a sudden.
It was a potion of degeneration.
There was something very wrong with that liquid.
You feel weakened.
You feel dopey.
You feel clumsy. The orc hits you with a +0 short sword.
* * * LOW HITPOINT WARNING * * *
😨 HP[-2]
You take 2 damage, and now have 9/22 hp.
It was a potion of might.
You feel very mighty all of a sudden.
A giant cockroach comes into view.
The ball python bites you.
* * * LOW HITPOINT WARNING * * *
You block the ball python's attack. The orc hits you with a +0 short sword.
* * * LOW HITPOINT WARNING * * *
The ball python bites you.
* * * LOW HITPOINT WARNING * * *
You block the ball python's attack.
The giant cockroach moves out of view. 😱 HP[-8]
You take 8 damage, and now have 1/22 hp.
MASSIVE DAMAGE!! (PAUSE)
Okay, then.
Your +2 dagger of venom begins to drip with poison!
a - a +2 dagger of venom (weapon)
The orc barely misses you. 😱 HP[+1]
You hit the orc but do no damage.
The orc is poisoned.
The orc barely misses you.
You barely miss the orc. You block the orc's attack.
You barely miss the orc. The orc hits you with a +0 short sword.
You die...

Skill      XL: |  1  2  3 |
---------------+----------+-----
Dodging        | 3 |  3.0
Fighting       | |  2.7
Short Blades   | |  2.4
Armour         | |  0.8
Stealth        | |  0.2
Shields        | |  0.9
Invocations    | |  2.6

Action                   || total
-------------------------++-------
Melee: Short sword       ||    29
       Dagger            ||     3
 Fire: Hunting sling     ||    67
Invok: Depart the Abyss  ||     1
  Use: Potion            ||     3
Armor: Leather armour    ||    15
Dodge: Dodged            ||    41
Block: Buckler           ||     7

Levels and vault maps discovered:
D:1:      saegor_arrival_simple_a, layout_loops_ring,
          shapermc_ecumenical_altar_hornbeckon
D:2:      layout_rooms
D:3:      layout_loops_ring, minmay_diced_spiral

Notes
Turn   | Place    | Note
-------+----------+-------------------------------------------
     0 | Abyss:1  | spiderkeys the Deep Elf Abyssal Knight began the quest for
                  | the Orb.
     0 | Abyss:1  | Reached XP level 1. HP: 13/13 MP: 4/4
     0 | Abyss:1  | magus.rc [v1.9.10]
    53 | Abyss:1  | Noticed a large abomination
    58 | Abyss:1  | Noticed a small abomination
    61 | Abyss:1  | Identified a scroll of acquirement
    64 | D:1      | You pass through the gate.
    64 | D:1      | Escaped the Abyss
   117 | D:1      | You pick up a book of the Hunter and begin reading...
   117 | D:1      | You add the spells Call Canine Familiar, Portal Projectile
                  | and Leda's Liquefaction to your library.
   596 | D:1      | Reached XP level 2. HP: 18/18 MP: 5/5
   596 | D:1      | Reached * piety under Lugonu
   877 | D:1      | Found a faded altar of an unknown god.
  1320 | D:2      | Reached XP level 3. HP: 22/22 MP: 6/6
  1699 | D:3      | Reached skill level 3 in Dodging
  1938 | D:3      | HP: 3/22 [orc (3)]
  1938 | D:3      | HP: 1/22 [ball python (2)]
  1949 | D:3      | Slain by an orc

Vanquished Creatures
  A white imp (D:3)
  3 dart slugs
  8 bats
  9 endoplasms
  2 giant cockroaches
  2 goblins
  2 hobgoblins (D:3)
  2 kobolds
  2 quokkas
  2 ball pythons
  2 frilled lizards
  A rat (D:2)
36 creatures vanquished.

Table legend:
 A = Non-vault XP
 B = Vault XP
 C = Vault XP percentage of total XP
 D = Non-vault monster count
 E = Vault monster count
 F = Vault count percentage of total count
                 A         B        C        D         E       F
            +---------+---------+-------+---------+---------+-------
      Total |      77 |       2 |   2.5 |      35 |       1 |   2.8
            +---------+---------+-------+---------+---------+-------
        D:1 |      28 |       0 |   0.0 |      15 |       0 |   0.0
        D:2 |      18 |       0 |   0.0 |       9 |       0 |   0.0
        D:3 |      31 |       2 |   6.1 |      11 |       1 |   8.3
            +---------+---------+-------+---------+---------+-------

Illustrated notes

Table legend:
 A = Kills in this place as a percentage of kills in entire the game.
 B = Kills by you in this place as a percentage of kills by you in the entire game.
 C = Kills by friends in this place as a percentage of kills by friends in the entire game.
 D = Other kills in this place as a percentage of other kills in the entire game.
 E = Experience gained in this place as a percentage of experience gained in the entire game.
 F = Experience gained in this place divided by the number of levels of this place that you have seen.
                   A       B       C       D       E      F
               +-------+-------+-------+-------+-------+----------------------
         Total | 100.0 | 100.0 |   N/A |   N/A | 100.0 |  19.8
       Dungeon | 100.0 | 100.0 |   N/A |   N/A | 100.0 |  26.3
               +-------+-------+-------+-------+-------+----------------------

Table legend: (Time is in decaauts)
 A = Elapsed time spent in this place.
 B = Non-inter-level travel time spent in this place.
 C = Inter-level travel time spent in this place.
 D = Time resting spent in this place.
 E = Time spent auto-exploring this place.
 F = Levels seen in this place.
 G = Mean time per level.
                   A        B        C        D        E       F      G
               +--------+--------+--------+--------+--------+-----+--------+
         Total |   1973 |   1926 |     47 |    199 |   1428 |   4 |  493.2 |
       Dungeon |   1909 |   1862 |     47 |    199 |   1377 |   3 |  636.3 |
         Abyss |     64 |     64 |      0 |      0 |     51 |   1 |   64.0 |
               +--------+--------+--------+--------+--------+-----+--------+

Top non-repeatable levels by time:
     D:1: 1011 daAuts
     D:2: 617 daAuts
     D:3: 280 daAuts
 Abyss:1: 64 daAuts
